 Dungeon Crawl Stone Soup version 0.28-a0-511-gcc94558de3 (webtiles) character file.

Game seed: 12259907740289978040

515087 demibob the Slayer (level 24, -13/253 (282) HPs)
             Began as a Demonspawn Chaos Knight on Sept 19, 2021.
             Was the Champion of Jiyva.
             Killed by the air
             ... invoked by a blizzard demon
             ... summoned by a deep elf demonologist
              (16 damage)
             ... on level 5 of the Vaults on Sept 22, 2021.
             The game lasted 04:57:06 (71479 turns).

demibob the Slayer (Demonspawn Chaos Knight)       Turns: 71479, Time: 04:57:07

HP:   -13/253 (282) AC: 31    Str: 27      XL:     24   Next: 0%
MP:   23/23         EV: 29    Int: 14      God:    Jiyva [******]
Gold: 2139          SH: 23    Dex: 18 (19) Spells: 23/23 levels left

rFire   + + .      SeeInvis +   a - +8 autumn katana {vorpal, Clar}
rCold   + + .      Faith    .   S - +0 tower shield of Uskayaw's Whim {Harm Will+++ Stlth+}
rNeg    . . .      Spirit   .   m - +3 fire dragon scales
rPois   +          Reflect  .   D - +2 hood of the Assassin {Detection Stab+ Stlth++}
rElec   .          Harm     +   Q - +1 cloak {Will+}
rCorr   +          Rampage  .   v - +2 pair of gloves "Sioniuzo" {rC+ Str+4 Int+6}
Will    +++++      Clarity  +   (boots unavailable)
Stlth   +++++++++.              z - amulet "Dokyz" {Acrobat Dex-4 SInv Stlth+}
HPRegen 0.52/turn               p - ring of Vyamugon {rPois rC+ Will++}
MPRegen 0.18/turn               l - ring of Gyxzair {AC+4 Int+4 Dex-5 Slay+5}

@: acrobatic, very slightly contaminated, heavily drained, invisible
A: hooves 3, icy blue scales 3, demonic guardian 2, foul stench 3, robust 3,
thin skeletal structure 1, clever 1, deterioration 1, eyeballs 1
}: 3/15 runes: decaying, slimy, gossamer
a: Renounce Religion, Request Jelly, Slimify, Cure Bad Mutation


You were on level 5 of the Vaults.
You worshipped Jiyva.
Jiyva was exalted by your worship.
You visited 9 branches of the dungeon, and saw 49 of its levels.
You visited 1 bazaar.
You also visited: Ice Cave.

You collected 5488 gold pieces.
You spent 3349 gold pieces at shops.


Innate Abilities, Weirdness & Mutations

You have hooves in place of feet.
You are completely covered in icy blue scales. (AC +4, rC+)
A demonic guardian rushes to your aid.
You frequently emit foul miasma when damaged in melee.
You are extremely robust. (+30% HP)
You have a somewhat thin skeletal structure. (Dex +2, Stealth+)
Your mind is acute. (Int +2)
Your body sometimes deteriorates upon taking damage.
Your body has grown golden eyes which may confuse attackers. (Acc +3)


   Skills:
 + Level 24.2 Fighting
 - Level 19.1 Long Blades
 - Level 1.4 Throwing
 - Level 11.0 Armour
 - Level 8.0 Dodging
 - Level 12.1 Stealth
 + Level 21.9 Shields
 - Level 10.5 Evocations


You had 23 spell levels left.
You didn't know any spells.
Your spell library contained the following spells:

 Spells                   Type           Power      Damage    Failure   Level
 Animate Skeleton         Necr           0%         N/A       67%         1
 Apportation              Tloc           0%         N/A       67%         1
 Foxfire                  Conj/Fire      0%         2x1d4     67%         1
 Freeze                   Ice            0%         1d3       67%         1
 Magic Dart               Conj           0%         1d3       67%         1
 Pain                     Necr           0%         1d4       67%         1
 Sandblast                Erth           0%         2d4       67%         1
 Shock                    Conj/Air       0%         1d3       67%         1
 Sting                    Tmut/Pois      0%         1d3       67%         1
 Summon Small Mammal      Summ           0%         N/A       67%         1
 Blink                    Tloc           N/A        N/A       80%         2
 Call Imp                 Summ           0%         N/A       80%         2
 Corpse Rot               Necr/Air       N/A        N/A       80%         2
 Poisonous Vapours        Pois/Air       0%         N/A       80%         2
 Searing Ray              Conj           0%         2d4       80%         2
 Static Discharge         Conj/Air       0%         N/A       80%         2
 Sublimation of Blood     Necr           0%         N/A       80%         2
 Wereblood                Tmut           0%         N/A       80%         2
 Call Canine Familiar     Summ           0%         N/A       95%         3
 Conjure Flame            Conj/Fire      0%         6-21      95%         3
 Dazzling Flash           Conj/Hex       0%         N/A       95%         3
 Frozen Ramparts          Ice            0%         1d2       95%         3
 Gell's Gravitas          Tloc           0%         N/A       95%         3
 Ignite Poison            Fire/Tmut/Pois 0%         N/A       95%         3
 Inner Flame              Hex/Fire       0%         N/A       95%         3
 Lesser Beckoning         Tloc           0%         N/A       95%         3
 Mephitic Cloud           Conj/Pois/Air  0%         N/A       95%         3
 Ozocubu's Armour         Ice            0%         N/A       95%         3
 Summon Guardian Golem    Hex/Summ       0%         N/A       95%         3
 Teleport Other           Tloc           0%         N/A       95%         3
 Tukima's Dance           Hex            0%         N/A       95%         3
 Airstrike                Air            0%         N/A       100%        4
 Animate Armour           Summ/Erth      0%         N/A       100%        4
 Dispel Undead            Necr           0%         3d6       100%        4
 Flame Wave               Conj/Fire      0%         3d3       100%        4
 Fulminant Prism          Conj/Hex       0%         3d6       100%        4
 Hailstorm                Conj/Ice       0%         3d3       100%        4
 Leda's Liquefaction      Hex/Erth       0%         N/A       100%        4
 Olgreb's Toxic Radiance  Pois           0%         N/A       100%        4
 Passage of Golubria      Tloc           N/A        N/A       100%        4
 Petrify                  Tmut/Erth      0%         N/A       100%        4
 Sticky Flame             Conj/Fire      0%         2d3       100%        4
 Agony                    Necr           0%         N/A       100%        5
 Alistair's Intoxication  Tmut/Pois      0%         N/A       100%        5
 Blade Hands              Tmut           0%         N/A       100%        5
 Borgnjor's Vile Clutch   Necr/Erth      0%         N/A       100%        5
 Excruciating Wounds      Necr           0%         N/A       100%        5
 Lee's Rapid Deconstruct  Erth           0%         3d5*      100%        5
 Manifold Assault         Tloc           0%         N/A       100%        5
 Silence                  Hex/Air        0%         N/A       100%        5
 Summon Forest            Summ/Tloc      0%         N/A       100%        5
 Yara's Violent Unravell  Hex/Tmut       0%         3d3       100%        5
 Conjure Ball Lightning   Conj/Air       0%         3x3d6     100%        6
 Death Channel            Necr           0%         N/A       100%        6
 Dispersal                Tloc           0%         N/A       100%        6
 Eringya's Noxious Bog    Tmut/Pois      0%         N/A       100%        6
 Iron Shot                Conj/Erth      0%         9d1       100%        6
 Statue Form              Tmut/Erth      0%         N/A       100%        6
 Summon Cactus Giant      Summ           0%         N/A       100%        6
 Ozocubu's Refrigeration  Ice            0%         4d5       100%        7
 Storm Form               Tmut/Air       0%         N/A       100%        7
 Summon Hydra             Summ           0%         N/A       100%        7
 Maxwell's Capacitive Co  Air            0%         ∞         100%        8
 Chain Lightning          Conj/Air       0%         N/A       100%        9
 Fire Storm               Conj/Fire      0%         5d1       100%        9
 Shatter                  Erth           0%         3d5*      100%        9

Inventory:

Hand Weapons
 a - the +8 autumn katana (weapon) {vorpal, Clar}
   (You took it off an ogre mage on level 14 of the Dungeon)

   It inflicts extra damage upon your enemies.
   Clar:      It protects you against confusion.
 X - a +3 long sword of flaming
Missiles
 f - 8 curare-tipped darts (quivered) {=f}
 x - 22 atropa-tipped darts
 T - 13 poisoned darts
Armour
 m - +3 fire dragon scales (worn)
 v - the +2 pair of gloves "Sioniuzo" (worn) {rC+ Str+4 Int+6}
   (You found it on level 3 of the Swamp)

   Str:       It affects your strength (+4).
   Int:       It affects your intelligence (+6).
   rC:        It protects you from cold.
 D - the +2 hood of the Assassin (worn) {Detection Stab+ Stlth++}
   (You bought it in a shop on level 1 of the Orcish Mines)

   It allows the wearer to sense nearby creatures.
   It allows the wearer to make particularly effective stabbing attacks against
   helpless or unaware enemies with any weapon.
   Stlth:     It makes you much more stealthy.
 G - a +2 tower shield of reflection
 Q - a +1 cloak of willpower (worn)
 R - +0 shadow dragon scales
 S - the +0 tower shield of Uskayaw's Whim (worn) {Harm Will+++ Stlth+}
   (You found it on level 5 of the Lair of Beasts)

   Harm:      It increases damage dealt and taken.
   Will:      It greatly increases your willpower.
   Stlth:     It makes you more stealthy.
Jewellery
 d - the ring of the Tortoise {AC+8}
   (You took it off a fire giant on level 2 of the Depths)

   [ring of protection]

   AC:        It affects your AC (+8).
 e - the amulet "Zaegh" {RegenMP rN+}
   (You took it off a hell knight on level 2 of the Depths)

   [amulet of magic regeneration]

   It increases your rate of magic regeneration.
   rN:        It protects you from negative energy.
 l - the ring of Gyxzair (right hand) {AC+4 Int+4 Dex-5 Slay+5}
   (You acquired it on level 4 of the Dungeon)

   [ring of protection]

   AC:        It affects your AC (+4).
   Int:       It affects your intelligence (+4).
   Dex:       It affects your dexterity (-5).
   Slay:      It affects your accuracy & damage with ranged weapons and melee
   (+5).
 n - the ring "Pibitup" {Str-3 Int+6 Dex+6}
   (You found it on level 5 of the Dungeon)

   [ring of dexterity]

   Str:       It affects your strength (-3).
   Int:       It affects your intelligence (+6).
   Dex:       It affects your dexterity (+6).
 p - the ring of Vyamugon (left hand) {rPois rC+ Will++}
   (You bought it in a shop on level 2 of the Depths)

   [ring of poison resistance]

   rC:        It protects you from cold.
   rPois:     It protects you from poison.
   Will:      It greatly increases your willpower.
 z - the amulet "Dokyz" (around neck) {Acrobat Dex-4 SInv Stlth+}
   (You took it off a deep elf blademaster on level 3 of the Elven Halls)

   [amulet of the acrobat]

   It increases your evasion while moving and waiting.
   Dex:       It affects your dexterity (-4).
   SInv:      It lets you see invisible.
   Stlth:     It makes you more stealthy.
 E - a +4 ring of evasion
Wands
 b - a wand of polymorph (19)
 t - a wand of iceblast (6)
 u - a wand of acid (4)
 F - a wand of paralysis (5)
 H - a wand of mindburst (7)
 K - a wand of digging (5)
 P - a wand of flame (37)
 W - a wand of charming (14)
Scrolls
 i - a scroll of magic mapping
 o - 11 scrolls of identify {@r1}
 q - 2 scrolls of amnesia
 B - 6 scrolls of immolation
 J - a scroll of brand weapon
Potions
 g - a potion of heal wounds {@q2}
 h - 7 potions of curing {@q1}
 j - 2 potions of flight
 w - 2 potions of ambrosia
 y - 3 potions of brilliance
 C - a potion of cancellation
Miscellaneous
 c - a box of beasts
 s - a condenser vane (inert)
 A - a phial of floods
 L - a box of beasts
 O - a lightning rod (4/4)
 U - a piece from Xom's chessboard (15/15)
 V - a phantom mirror

Dungeon Overview and Level Annotations

Branches:
Dungeon (15/15) Temple (0/1) D:6 Lair (6/6) D:9 Swamp (4/4) Lair:3 Spider (4/4) Lair:2 Slime (5/5) Lair:6 Orc (2/2) D:9 Elf (3/3) Orc:2 Vaults (5/5) D:14 Crypt (0/3) Vaults:2 Depths (5/5) D:15 Zot (0/5) Depths:4 Depths:5 IceCv (visited)

Altars:
Ashenzari
Fedhas
Gozag
Hepliaklqana
Kikubaaqudgha
Ru
Sif Muna
Trog
Xom
Yredelemnul
Zin
Beogh
Jiyva

Shops:
D:5 (   D:9 [   Orc:1 [   Orc:2 *[=(   Elf:1 *   Vaults:1 *   Depths:2 ==:

Portals:
Hell: Depths:1 Depths:2 Depths:3 Depths:4 Depths:5
Abyss: Depths:3
Pandemonium: Depths:1 Depths:2 Depths:4
Ziggurat: Depths:5

Annotations:
D:4 3 runed translucent doors, AttackTheMoon's ghost, amateur TrBe
D:6 2 runed translucent doors
D:7 1 runed translucent door, Crazy Yiuf
Slime:5 Royal Jelly

,,,,,*,,*,,,,*,,,,,,,,,,,,,,*,,,,
,,,,,▓.,▓....▓..▓************,,**
***,,▓..▓....▓..▓,,,,,*{,,,,*,,,,
,,,,,...▓....▓..▓,,,,,*,,,,^*,,,,
,,,,,.....:.....,,,,,,*,,,,,,,,,,
*****▓▓....)...▓▓▓▓▓▓▓▓▓▓▓▓▓▓▓▓▓▓
,,,,,.....)..).............JC.u.c
,,,,,.....<<.[)...§.Q.e....c.....
,,,,,....<..<.))@.p.c.Cp.22..p.u.
,,,,,.....<<)))).......2e.......u
*****▓▓.....)..▓▓▓▓▓▓▓▓▓▓▓▓▓▓▓▓▓▓
*,*,*............,,,,,,,,,,,,,,,,
*,*,*.▓.▓.C..▓.▓.▓,*,*,*,*,*,*,*,
,,*,*,▓,▓....▓.....,,,,,,,,,,,,,,
*,*,,,*,▓....▓.▓.▓▓.**,,**,**,,**
*,*,*,*,▓....▓...▓*,▓*,,**,**,,**
*,,,*,*,▓....▓.▓,.,,,,,,,,,,,,,,,


You could see a titan, a vault warden (summoned, empowered), a tengu reaver
(empowered), a yaktaur captain, a vault guard, an ettin (corroded), a blizzard
demon (summoned) and a deep elf high priest (summoned, brilliance aura).


Message History

You feel better.
The blizzard demon barely misses the azure jelly. x2
The azure jelly hits the blizzard demon but does no damage.
The azure jelly closely misses the blizzard demon.
The azure jelly hits the blizzard demon.
The azure jelly misses the blizzard demon.
The deep elf demonologist hits the azure jelly with a +0 dagger!
The azure jelly dies!
You feel a bit more experienced.
A bolt of cold appears from out of your range of vision.
The blizzard demon shouts!
You have reached level 24!
Your experience leads to an increase in your attributes!
Your base attributes are Str 23, Int 1, Dex 25.
Increase (S)trength, (I)ntelligence, or (D)exterity?
You feel agile.
You feel clever.
Okay, then.
The blizzard demon waves its arms in wide circles.
The air twists around and strikes you.
The tengu reaver gestures at you while chanting.
The bolt of negative energy hits you!
You feel drained.
* * * LOW HITPOINT WARNING * * *
The tengu reaver gestures at you while chanting.
The bolt of negative energy hits you but does no damage.
The deep elf demonologist mumbles some strange words.
A titan comes into view.
The vault warden activates a sealing rune.
The blizzard demon waves its arms in wide circles.
The air twists around and strikes you!
You die...

Skill      XL: |  1  2  3  4  5  6  7  8  9 10 11 12 13 14 15 16 17 18 19 20 21 22 23 |
---------------+----------------------------------------------------------------------+-----
Long Blades    | 3 4 5 6 7 8 10 11 13 14 15 17 18 19 | 19.1
Evocations     | 2 6 7 9 10 | 10.5
Armour         | 2 5 7 10 11 | 11.0
Fighting       | 8 10 11 13 15 17 18 19 21 24 | 24.2
Stealth        | 1 8 11 12 | 12.1
Throwing       | 1 |  1.4
Dodging        | 5 6 8 |  8.0
Shields        | 6 10 12 14 16 17 19 21 | 21.9

Action                   |  1- 3 |  4- 6 |  7- 9 | 10-12 | 13-15 | 16-18 | 19-21 | 22-24 || total
-------------------------+-------+-------+-------+-------+-------+-------+-------+-------++-------
Melee: Falchion          |   132 |    73 |   157 |       |       |       |       |       ||   362
       Kick              |    13 |    12 |    50 |   167 |   359 |   347 |   410 |   342 ||  1700
       Long sword        |       |       |    39 |   609 |   720 |     4 |    64 |       ||  1436
       Headbutt          |       |       |    11 |    97 |   220 |   225 |   387 |    10 ||   950
       Great sword       |       |       |       |       |   447 |    54 |       |       ||   501
       Katana            |       |       |       |       |       |   959 |  1169 |   733 ||  2861
       Bite              |       |       |       |       |       |    30 |       |       ||    30
Throw: Dart              |       |       |       |       |    11 |       |       |     1 ||    12
Invok: Request Jelly     |       |       |       |       |     3 |     3 |     2 |     1 ||     9
       Cure Bad Mutation |       |       |       |       |       |     1 |     2 |     1 ||     4
       Slimify           |       |       |       |       |       |       |     2 |     6 ||     8
Evoke: Wand              |       |       |    14 |    32 |    26 |    23 |    21 |    18 ||   134
       Box of beasts     |       |       |       |     1 |     1 |     1 |     4 |     1 ||     8
       Condenser vane    |       |       |       |       |     2 |     6 |     8 |     7 ||    23
       Phantom mirror    |       |       |       |       |       |     1 |       |       ||     1
       Phial of floods   |       |       |       |       |       |       |     1 |     1 ||     2
       Lightning rod     |       |       |       |       |       |       |     1 |       ||     1
  Use: Potion            |     1 |     1 |     4 |    15 |     6 |    12 |     6 |     7 ||    52
       Scroll            |     4 |     8 |     9 |    11 |     9 |     8 |     5 |     2 ||    56
 Stab: Petrified         |     2 |       |       |       |       |       |       |       ||     2
       Sleeping          |     1 |       |       |     1 |    13 |     5 |    17 |    22 ||    59
       Paralysed         |       |       |    16 |     8 |       |     4 |       |       ||    28
       Confused          |       |       |     1 |     3 |     1 |     1 |       |       ||     6
       Distracted        |       |       |       |       |     6 |     4 |    12 |    17 ||    39
       Invisible         |       |       |       |       |     2 |     5 |       |       ||     7
Armor: Leather armour    |    46 |    35 |       |       |       |       |       |       ||    81
       Skin              |       |     6 |       |       |       |       |       |       ||     6
       Acid dragon scale |       |       |    73 |   277 |   421 |    24 |    90 |       ||   885
       Chain mail        |       |       |       |       |    91 |   389 |   140 |       ||   620
       Fire dragon scale |       |       |       |       |       |       |   117 |   200 ||   317
       Troll leather arm |       |       |       |       |       |       |    11 |       ||    11
Dodge: Dodged            |    85 |    31 |    86 |   287 |   599 |   488 |   453 |   217 ||  2246
Block: Buckler           |       |       |       |       |       |   116 |       |       ||   116
       Tower shield      |       |       |       |       |       |   331 |  1153 |   622 ||  2106
       Reflection        |       |       |       |       |       |     1 |    41 |     7 ||    49

Levels and vault maps discovered:
D:1:      lemuel_arrival_muddy, layout_loops_cross,
          dreamdust_ecumenical_altar_angels_and_demons
D:2:      layout_loops_corners
D:3:      layout_rooms, fedhas_altar_1, overflow_temple_1_default,
          minmay_crystal_water, hangedman_decor_peaks_small
D:4:      layout_rooms, ashenzari_altar_1, kennysheep_vampire_church,
          serial_forest, infiniplex_forest_lined_2, infiniplex_forest_lined_2,
          infiniplex_forest_end_3, infiniplex_forest_corner_1,
          infiniplex_forest_lined_ring, infiniplex_forest_pool,
          infiniplex_forest_straight_1, infiniplex_forest_corner_2,
          infiniplex_forest_lined_3, gammafunk_ghost_necromancy
D:5:      layout_rooms, lemuel_crystal_altar, serial_shops,
          nicolae_shop_waterfront
D:6:      layout_basic, jmf_multi_god_temple2, minmay_temple_entry_mini_moons
D:7:      layout_rooms, serial_co_window_serial, co_window_of_opportunity_a,
          co_window_paths_b, co_window_corner_a, co_window_paths_b,
          co_window_corner_a, co_window_2corner, co_window_corner_cb,
          co_window_of_opportunity_c, co_window_sun, co_window_4corner_b,
          glass_columns_a, glass_columns_a, glass_columns_b, glass_columns_a,
          glass_columns_c, biasface_ghost_orc_armoury, uniq_maggie,
          uniq_crazy_yiuf_cottage
D:8:      layout_gridville, serial_rivers, chequers_serial_rivers_marsh,
          chequers_serial_rivers_micro_e, chequers_serial_rivers_small_b,
          chequers_serial_rivers_large_a, chequers_serial_rivers_marsh,
          lightli_church_of_beogh
D:9:      layout_loops_ring, lair_entry_dummy, orc_0_dummy, serial_shops, shop,
          minmay_misc_feat_cross, hangedman_decor_clover_reticule, st_stairs_2
D:10:     layout_basic, kennysheep_generic_room_8
D:11:     minmay_diamond_stairs, layout_irregular_city
D:12:     layout_grid_maze
D:13:     layout_irregular_city, argonaut_gorgonesque, uniq_maurice
D:14:     minmay_the_grid_triangle_9x9_rhombus_thin
          [minmay_the_grid_triangle_9x9_warning,
          minmay_the_grid_triangle_9x9_prize_center,
          minmay_the_grid_triangle_9x9_subtriangle,
          minmay_the_grid_triangle_9x9_stretched_checkered], layout_basic,
          erik_vaults_2, kennysheep_another_room, uniq_jorgrun
D:15:     grunt_enter_depths_snipers, layout_irregular_city,
          portal_ice_cave_entry_ice_simulacra, minmay_misc_feat_plants,
          eino_house_with_fridge, uniq_nessos
Lair:1:   layout_cave_pods, gammafunk_ghost_cemetery, serial_bayou_shore_a,
          grunt_megastairs_4
Lair:2:   layout_regular_city, nicolae_spider_entry_orb_guardian
Lair:3:   regret_index_combs_of_tragedy, layout_loops_ring,
          palyth_hydra_swamp_entry
Lair:4:   layout_gridlike, uniq_urug
Lair:5:   layout_cave_pods, serial_forest, infiniplex_forest_clump_medium,
          infiniplex_forest_pool, infiniplex_forest_clump_diagonal,
          infiniplex_forest_lined_room_2, infiniplex_forest_clump_diagonal,
          infiniplex_forest_split, infiniplex_forest_end_2,
          infiniplex_forest_fountain, infiniplex_forest_zigzag_1,
          infiniplex_staircase_pool, lemuel_fruit_tree
Lair:6:   hangedman_lair_in_review, layout_cave_pods, slime_altar_1, basic_altar
Swamp:1:  layout_basic_swamp, nicolae_swamp_dense_foliage
Swamp:2:  layout_falls_marsh, evilmike_swamp_ruin_rubble_2, uniq_donald,
          uniq_aizul
Swamp:3:  layout_basic_swamp, gammafunk_ghost_wrathful_warriors,
          evilmike_swamp_ruin_house_5, nzn_swamp_stair_ambush
Swamp:4:  byrel_swamp_growth_death_and_undeath, layout_basic_swamp,
          infiniplex_staircase_pool_2
Spider:1: layout_spider_delve, hangedman_spider_trapstep, uniq_louise
Spider:2: nicolae_spider_mines_2
Spider:3: layout_spider_delve
Spider:4: grunt_spider_rune_island, nicolae_spider_circle_web,
          nicolae_looking_at_the_future
Slime:1:  layout_caves
Slime:2:  layout_caves, basic_altar
Slime:3:  layout_caves
Slime:4:  layout_caves, nicolae_slime_round_cave
Slime:5
Orc:1:    layout_caves, serial_shops, shop, uniq_snorg
Orc:2:    st_orc_congregation, layout_caves, uniq_rupert, uniq_sonja
Elf:1:    layout_loops_corners, serial_shops, shop, evilmike_minifort,
          minmay_misc_feat_five
Elf:2:    nicolae_elf_blades_splatter_lattice
          [nicolae_vaults_blade_armed_guards], layout_loops_ring,
          nicolae_elf_big_sculpture_1, lemuel_upstairs_altar
Elf:3:    elf_hall_gauntlet_wide, layout_loops_cross, minmay_crystal_room,
          corexii_leaking_fountain
Vaults:1: v_misc_10, ontoclasm_vaults_eye, nicolae_vaults_network_square,
          nicolae_vaults_mini_display_case, v_misc_13, v_misc_22,
          vaults_room_pools, v_misc_22, nicolae_vaults_three_branches,
          layout_vaults_omnibox, serial_shops, nicolae_diamond_shop
Vaults:2: nicolae_vaults_ring_of_whatevers, v_rooms_4,
          nicolae_vaults_know_your_exits, ontoclasm_vaults_loading_screen,
          nicolae_vaults_network_s, minmay_crypt_entry_simple_round,
          hangedman_vaults_corner, ontoclasm_vaults_misaligned,
          nicolae_vaults_shelves_hall, hangedman_vaults_cutoff,
          ontoclasm_vaults_shuriken, v_misc_10, layout_vaults_maze_snakey
Vaults:3: ontoclasm_vaults_chip, st_lines, nicolae_vaults_network_periphery,
          v_rooms_3, nicolae_vaults_ninety_degrees, grunt_vaults_hallway_long,
          nicolae_vaults_little_squares_1, layout_vaults_big_room, serial_shops,
          bzr_entry_safe, uniq_asterion
Vaults:4: v_rooms_4, hangedman_vaults_slither, grunt_vaults_diagonal,
          hangedman_vaults_hat, hangedman_vaults_capsules,
          nicolae_vaults_alarming, v_misc_19, vaults_room_semicircle,
          layout_vaults_quadrants
Vaults:5
Depths:1: layout_basic, fountainhead, hell_entry, grunt_pan_entry_in_and_out,
          nzn_hepliaklqana_mist_gate
Depths:2: minmay_nine_rooms, layout_cave_shapes, pf_dread_powers_of_hell,
          rand_demon_pan_entry_9, infiniplex_staircase_door_maze,
          serial_bayou_shore_b, minmay_shop_grove
Depths:3: evilmike_hourglass, layout_basic, pf_coc_iceberg,
          abyss_entry_small_statue_room
Depths:4: minmay_strange_plus, layout_honeycomb, grunt_hell_horde,
          rand_demon_pan_entry_7, nicolae_gozag_seed_capital
Depths:5: grunt_crosshair, layout_honeycomb, enter_ziggurat_b,
          serial_co_window_serial, co_window_of_opportunity_a,
          co_window_paths_a, co_window_corner_a, co_window_cross_1,
          co_window_corner_a, co_window_of_opportunity_b,
          co_window_of_opportunity_c, co_window_corner_b, co_window_corner_cb,
          co_window_4corner_b, co_window_4corner_a, grunt_hell_entry_dis_old,
          hellmonk_bongcloud_opening, uniq_frederick

Notes
Turn   | Place    | Note
-------+----------+-------------------------------------------
     0 | D:1      | demibob the Demonspawn Chaos Knight began the quest for the
                  | Orb.
     0 | D:1      | Reached XP level 1. HP: 18/18 MP: 1/1
   137 | D:1      | XOM: divination: detect creatures
   205 | D:1      | Reached skill level 3 in Long Blades
   226 | D:1      | Found a faded altar of an unknown god.
   307 | D:1      | XOM: potion effect (invisibility)
   317 | D:1      | Gained mutation: You have large cloven feet. [demonic
                  | ancestry]
   317 | D:1      | Reached XP level 2. HP: 24/24 MP: 2/2
   540 | D:1      | XOM: silly message
   910 | D:2      | XOM: enchant monster (good)
   919 | D:2      | Reached XP level 3. HP: 21/29 MP: 3/3
   922 | D:2      | Reached skill level 4 in Long Blades
  1022 | D:2      | XOM: scenery: summon butterflies
  1104 | D:2      | XOM: summons 2 hostile shadow creatures
  1899 | D:3      | Found a shimmering blue altar of Sif Muna.
  2034 | D:3      | XOM: give mutations
  2034 | D:3      | Gained mutation: You have a pair of small antennae on your
                  | head. [Xom's mischief]
  2034 | D:3      | Gained mutation: You are dopey. (Int -2) [Xom's mischief]
  2302 | D:3      | Found a blossoming altar of Fedhas.
  2511 | D:4      | Found a broken altar of Ashenzari.
  2520 | D:4      | Reached XP level 4. HP: 32/35 MP: 4/4
  2522 | D:4      | Found a runed translucent gate.
  2522 | D:4      | Found a runed translucent gate.
  2522 | D:4      | Found a runed translucent gate.
  2587 | D:4      | Noticed AttackTheMoon's ghost (amateur TrBe)
  2609 | D:4      | Noticed a necrophage
  2610 | D:4      | XOM: enchant monster (bad)
  2613 | D:4      | Reached skill level 5 in Long Blades
  2621 | D:4      | Killed a necrophage
  2622 | D:4      | Gained mutation: You are partially covered in icy blue
                  | scales. (AC +2) [demonic ancestry]
  2622 | D:4      | Reached XP level 5. HP: 34/41 MP: 5/5
  2733 | D:4      | Reached skill level 6 in Long Blades
  2764 | D:4      | XOM: draining
  2782 | D:4      | XOM: 1-stop teleportation journey
  2942 | D:4      | Reached XP level 6. HP: 42/42 MP: 6/6
  2945 | D:4      | XOM: give mutations
  2945 | D:4      | Gained mutation: You possess an exceptional clarity of
                  | mind. [Xom's mischief]
  2945 | D:4      | Gained mutation: You are frail. (-10% HP) [Xom's mischief]
  2945 | D:4      | Lost mutation: You possess an exceptional clarity of mind.
                  | [Xom's mischief]
  2946 | D:4      | Identified a scroll of acquirement
  2946 | D:4      | Acquired the ring of Gyxzair {AC+4 Int+4 Dex-5 Slay+5}
  3371 | D:4      | Found an ancient bone altar of Kikubaaqudgha.
  3372 | D:4      | XOM: enchant monster (good)
  3492 | D:5      | Entered Level 5 of the Dungeon
  3518 | D:5      | Noticed an ice beast
  3523 | D:5      | XOM: divination: magic mapping
  3529 | D:5      | Killed an ice beast
  3530 | D:5      | Reached skill level 7 in Long Blades
  3660 | D:5      | Gained mutation: You are mostly covered in icy blue scales.
                  | (AC +3) [demonic ancestry]
  3660 | D:5      | Reached XP level 7. HP: 37/46 MP: 7/7
  3720 | D:5      | Identified the ring "Pibitup" {Str-3 Int+6 Dex+6}
  3807 | D:5      | Found Wodumna's Antique Weapon Shop.
  3831 | D:5      | Found a sacrificial altar of Ru.
  3964 | D:5      | XOM: cloud trail
  4194 | D:6      | XOM: enchant monster (bad)
  4209 | D:6      | Reached skill level 8 in Long Blades
  4377 | D:6      | Found a large runed translucent door.
  4382 | D:6      | Found a large runed translucent door.
  4489 | D:6      | Reached skill level 1 in Evocations
  4541 | D:6      | Found a staircase to the Ecumenical Temple.
  4821 | D:6      | Identified the +8 whip "Cimar" {protect, rPois Int+2}
  4964 | D:7      | Noticed a boulder beetle
  4974 | D:7      | XOM: divination: detect creatures
  4975 | D:7      | XOM: confuse monster(s)
  5078 | D:6      | XOM is BORED!
  5078 | D:6      | XOM: noise
  5096 | D:6      | XOM: cloud trail
  5146 | D:7      | XOM: confuse monster(s)
  5153 | D:7      | XOM: butterfly on damage
  5429 | D:7      | XOM: confuse monster(s)
  5433 | D:7      | Reached skill level 2 in Evocations
  5433 | D:7      | Gained mutation: A weak demonic guardian rushes to your
                  | aid. [demonic ancestry]
  5433 | D:7      | Reached XP level 8. HP: 45/52 MP: 8/8
  5596 | D:8      | XOM: scenery: 1 doors close
  5635 | D:8      | Found a runed translucent door.
  5725 | D:8      | XOM: divination: detect items
  5872 | D:8      | XOM: summons friendly shadow imp
  5878 | D:8      | Reached skill level 3 in Evocations
  6133 | D:8      | Reached skill level 9 in Long Blades
  6585 | D:8      | Reached skill level 4 in Evocations
  6990 | D:8      | XOM: scenery: 1 doors close
  7074 | D:8      | XOM: god gift: 55 gold pieces
  7153 | D:9      | Noticed a two-headed ogre
  7153 | D:9      | XOM: scenery: create altars
  7157 | D:9      | XOM: potion effect (might)
  7159 | D:9      | Killed a two-headed ogre
  7160 | D:9      | Reached skill level 10 in Long Blades
  7160 | D:9      | Reached skill level 6 in Evocations
  7160 | D:9      | Gained mutation: You have hoof-like feet. [demonic
                  | ancestry]
  7160 | D:9      | Reached XP level 9. HP: 57/57 MP: 9/9
  7199 | D:9      | Identified the +4 whip of Ymnioxtior {drain, Str+3}
  7221 | D:9      | Lost mutation: You have a pair of small antennae on your
                  | head. [potion of mutation]
  7221 | D:9      | Lost mutation: You are dopey. (Int -2) [potion of mutation]
  7221 | D:9      | Gained mutation: Your spells are a little harder to cast,
                  | but a little more powerful. [potion of mutation]
  7221 | D:9      | Gained mutation: Your muscles are strong. (Str +2) [potion
                  | of mutation]
  7221 | D:9      | Gained mutation: You passively map a small area around you.
                  | [potion of mutation]
  7222 | D:9      | Lost mutation: You are frail. (-10% HP) [potion of
                  | mutation]
  7222 | D:9      | Lost mutation: Your spells are a little harder to cast, but
                  | a little more powerful. [potion of mutation]
  7222 | D:9      | Gained mutation: You have a pair of small horns on your
                  | head. [potion of mutation]
  7222 | D:9      | Gained mutation: You are dopey. (Int -2) [potion of
                  | mutation]
  7222 | D:9      | Gained mutation: You have a pair of horns on your head.
                  | [potion of mutation]
  7222 | D:9      | Gained mutation: You have sharp fingernails. [potion of
                  | mutation]
  7283 | D:9      | Found a staircase to the Orcish Mines.
  7340 | D:9      | Noticed a two-headed ogre
  7343 | D:9      | Noticed a two-headed ogre
  7481 | D:7      | XOM: swap monsters
  7520 | D:7      | Killed a boulder beetle
  7521 | D:7      | Reached skill level 7 in Evocations
  7572 | D:7      | XOM: give mutations
  7572 | D:7      | Gained mutation: Your flesh is cold resistant. (rC+) [Xom's
                  | grace]
  7572 | D:7      | Gained mutation: You are robust. (+10% HP) [Xom's grace]
  7639 | D:7      | Found a runed translucent door.
  7640 | D:7      | Noticed Crazy Yiuf
  7700 | D:7      | Noticed Maggie
  7732 | D:7      | Killed Maggie
  7733 | D:7      | Reached skill level 11 in Long Blades
  7733 | D:7      | Reached skill level 2 in Armour
  7749 | D:7      | XOM: polymorph kobold -> endoplasm
  7815 | D:7      | Mutation became permanent: You are robust. (+10% HP)
                  | [demonic ancestry]
  7815 | D:7      | Gained mutation: You are robust. (+10% HP) [demonic
                  | ancestry]
  7815 | D:7      | Reached XP level 10. HP: 69/77 MP: 10/10
  7929 | D:7      | Found a runed translucent gate.
  7929 | D:7      | Found a runed translucent gate.
  7929 | D:7      | Identified the +0 plate armour of Faaxyirch {Int+3 SInv}
  7929 | D:7      | Noticed Maruxus's ghost (novice DjFE)
  7930 | D:7      | Found a runed translucent gate.
  8294 | D:7      | XOM: cloud trail
  8646 | D:9      | XOM: summons friendly quasit
  8651 | D:9      | Reached skill level 8 in Evocations
  8819 | D:9      | Reached skill level 3 in Armour
  9074 | D:9      | XOM: destruction
  9076 | D:9      | Killed a two-headed ogre
  9100 | D:9      | Killed a two-headed ogre
  9101 | D:9      | Reached skill level 4 in Armour
  9161 | D:9      | XOM: 3-stop teleportation journey
  9294 | D:9      | Found Yroynnap's Armour Shop.
  9298 | D:9      | XOM: summons friendly iron imp
  9393 | D:9      | XOM: destruction
  9401 | D:9      | XOM: confuse monster(s)
  9422 | D:9      | XOM: cloud trail
  9677 | D:9      | XOM: divination: detect creatures
  9737 | D:9      | Reached skill level 9 in Evocations
  9749 | D:9      | XOM: divination: detect items
  9762 | D:9      | Reached skill level 5 in Armour
 10047 | D:9      | XOM: cloud trail
 10061 | D:9      | XOM: divination: detect items
 10161 | D:9      | Found a staircase to the Lair.
 10287 | Orc:1    | Entered Level 1 of the Orcish Mines
 10377 | D:9      | XOM: god gift: potion of brilliance
 10525 | Orc:1    | XOM: silly message
 10610 | D:9      | XOM: cloud trail
 10727 | D:10     | Entered Level 10 of the Dungeon
 10783 | D:10     | XOM: summons friendly iron imp
 10789 | D:10     | Reached XP level 11. HP: 82/82 MP: 11/11
 10811 | D:10     | Reached skill level 12 in Long Blades
 10817 | D:10     | Reached skill level 4 in Fighting
 10921 | D:10     | XOM is BORED!
 10921 | D:10     | XOM: 1-stop teleportation journey
 10955 | D:10     | XOM: enchant monster (bad)
 11188 | D:10     | XOM: silly message
 11471 | D:10     | XOM: cloud trail
 11596 | D:10     | Reached skill level 5 in Fighting
 11765 | D:10     | Identified a potion of resistance
 11828 | Orc:1    | XOM is BORED!
 11828 | Orc:1    | XOM: noise
 11828 | Orc:1    | Identified a +1 robe of resistance
 11828 | Orc:1    | Noticed an orc sorcerer
 11881 | D:11     | XOM: god gift: war axe {god gift}
 11897 | D:11     | XOM: fake destruction
 12097 | D:11     | XOM: god gift: potion of curing
 12136 | D:11     | Noticed a six-headed hydra
 12136 | D:11     | Noticed a two-headed ogre
 12144 | D:11     | Killed a six-headed hydra
 12144 | D:11     | Killed a two-headed ogre
 12145 | D:11     | Reached skill level 6 in Fighting
 12149 | D:11     | Noticed a catoblepas
 12205 | Lair:1   | Entered Level 1 of the Lair of Beasts
 12425 | Lair:1   | XOM: summons 6 friendly demons
 12437 | Lair:1   | XOM: summons friendly white imp
 12438 | Lair:1   | XOM: summons friendly white imp
 12506 | Lair:1   | XOM: 2-stop teleportation journey
 12608 | Lair:1   | XOM: potion effect (might)
 12617 | Lair:1   | XOM: summons friendly ufetubus
 12622 | Lair:1   | Reached skill level 7 in Fighting
 12798 | Lair:1   | XOM: enchant monster (good)
 12809 | Lair:1   | Reached skill level 13 in Long Blades
 12864 | Lair:1   | XOM: fake destruction
 12872 | Lair:1   | XOM: divine lightning
 12911 | Lair:1   | XOM: god gift: amulet of magic regeneration
 13021 | Lair:1   | XOM: enchant monster (good)
 13044 | Lair:1   | XOM: 3-stop teleportation journey
 13472 | Lair:1   | Reached skill level 8 in Fighting
 13866 | Lair:1   | Gained mutation: A demonic guardian rushes to your aid.
                  | [demonic ancestry]
 13866 | Lair:1   | Reached XP level 12. HP: 101/101 MP: 12/12
 14004 | Lair:1   | Found a runed translucent gate.
 14004 | Lair:1   | Found a runed translucent gate.
 14005 | Lair:1   | Found a runed translucent gate.
 14024 | Lair:1   | XOM: 7-stop teleportation journey
 14064 | Lair:1   | Noticed dolemite99's ghost (journeyman MiAK)
 14064 | Lair:1   | Noticed RandomusNamus's ghost (journeyman DjFE)
 14268 | Orc:1    | Noticed Snorg
 14579 | Orc:1    | XOM: divination: magic mapping
 14611 | Lair:1   | XOM: noise
 14643 | Lair:2   | XOM: 4-stop teleportation journey
 14750 | Lair:2   | Found a hole to the Spider Nest.
 14913 | Lair:2   | Noticed an eight-headed hydra
 14922 | Lair:2   | Killed a ten-headed hydra
 14958 | Lair:1   | XOM: god gift: box of beasts
 15003 | Orc:1    | Reached skill level 9 in Fighting
 15004 | Orc:1    | Noticed an orc warlord
 15004 | Orc:1    | XOM: polymorph cyclops -> queen bee
 15038 | Orc:1    | Noticed a two-headed ogre
 15044 | Orc:1    | XOM: enchant monster (good)
 15045 | Orc:1    | Killed a two-headed ogre
 15506 | Orc:1    | XOM: enchant monster (good)
 15510 | Orc:1    | HP: 1/105 [orc warlord (29)]
 15512 | Orc:1    | XOM: confuse monster(s)
 15512 | Orc:1    | Killed an orc warlord
 15513 | Orc:1    | Reached skill level 14 in Long Blades
 15524 | Orc:1    | Reached skill level 10 in Fighting
 15732 | Orc:1    | XOM: 2-stop teleportation journey
 16030 | Orc:2    | XOM: stealth player
 16030 | Orc:2    | Entered Level 2 of the Orcish Mines
 16055 | Orc:2    | Noticed Sonja
 16069 | Orc:2    | XOM: potion effect (invisibility)
 16075 | Orc:2    | Killed Sonja
 16204 | Orc:1    | Found Roiblesm's Armour Shoppe.
 16206 | Orc:1    | XOM: cleaving
 16218 | Orc:1    | XOM: silly message
 16233 | Orc:2    | XOM: cast spell 'Call Canine Familiar'
 16237 | Orc:2    | Killed Snorg
 16747 | Orc:2    | XOM: silly message
 16754 | Orc:2    | XOM: confusion (+ monsters)
 16780 | Orc:1    | XOM: noise
 16837 | Orc:1    | XOM: 5-stop teleportation journey
 16906 | Orc:1    | Bought the +2 hood of the Assassin {Detection Stab+
                  | Stlth++} for 840 gold pieces
 16906 | Orc:1    | Found the +2 hood of the Assassin {Detection Stab+ Stlth++}
 16906 | Orc:1    | Bought a +1 cloak of poison resistance for 189 gold pieces
 17138 | Lair:2   | Reached skill level 1 in Stealth
 17174 | Lair:2   | Noticed a five-headed hydra
 17233 | Lair:2   | XOM: enchant monster (bad)
 17236 | Lair:2   | Killed a nine-headed hydra
 17578 | Lair:3   | XOM: noise
 17593 | Lair:3   | Reached XP level 13. HP: 104/114 MP: 13/13
 17596 | Lair:3   | XOM: confusion (+ monsters)
 17598 | Lair:3   | Reached skill level 2 in Stealth
 17599 | Lair:3   | XOM: polymorph black mamba -> yak
 17916 | Lair:3   | XOM: god gift: blackened silver wand {god gift}
 18000 | Lair:3   | Reached skill level 3 in Stealth
 18111 | Lair:3   | You fall into a shaft and drop 1 floor!
 18283 | Lair:4   | Reached skill level 1 in Throwing
 18299 | Lair:4   | XOM: summons 7 hostile demons
 18376 | Lair:4   | Noticed Urug
 18391 | Lair:4   | Killed Urug
 18546 | Lair:4   | Reached skill level 4 in Stealth
 18586 | Lair:4   | XOM: divination: detect items
 18794 | Lair:4   | XOM: silly message
 18831 | Lair:4   | XOM: potion effect (heal wounds)
 18927 | Lair:4   | XOM: silly message
 18990 | Lair:4   | Reached skill level 15 in Long Blades
 18990 | Lair:4   | Reached skill level 5 in Stealth
 19346 | Lair:4   | XOM: divination: magic mapping
 19437 | Lair:4   | XOM: silly message
 20077 | Orc:2    | Noticed Rupert
 20082 | Orc:2    | XOM: divination: detect creatures
 20087 | Orc:2    | Killed Rupert
 20088 | Orc:2    | Reached skill level 6 in Stealth
 20216 | Orc:2    | XOM: potion effect (invisibility)
 20529 | Orc:2    | XOM: silly message
 20711 | Orc:2    | XOM: silly message
 20713 | Orc:2    | Found a staircase to the Elven Halls.
 20795 | Orc:2    | XOM: noise
 20917 | Orc:2    | XOM: chaos cloud
 20921 | Orc:2    | Reached skill level 7 in Stealth
 20922 | Orc:2    | XOM: enchant monster (bad)
 20927 | Orc:2    | XOM: silly message
 21399 | Orc:2    | Noticed an orc warlord
 21409 | Orc:2    | XOM: confuse monster(s)
 21501 | Orc:2    | XOM: fog
 21504 | Orc:2    | Killed an orc warlord
 21505 | Orc:2    | XOM: silly message
 21515 | Orc:2    | XOM: potion effect (might)
 21812 | Orc:2    | XOM: god gift: scroll of enchant armour
 21827 | Orc:2    | XOM: fog
 21912 | Orc:2    | XOM: 2-stop teleportation journey
 21980 | Orc:2    | XOM: 6-stop teleportation journey
 22092 | Orc:2    | Reached skill level 8 in Stealth
 22125 | Orc:2    | XOM: silly message
 22213 | Orc:2    | XOM: enchant monster (bad)
 22376 | Orc:2    | XOM: 4-stop teleportation journey
 22380 | Orc:2    | Found Ximoi's General Store.
 22381 | Orc:2    | Found Jarian's Jewellery Shoppe.
 22385 | Orc:2    | XOM: swap monsters
 22389 | Orc:2    | XOM: polymorph orc warrior -> shapeshifter
 22390 | Orc:2    | Gained mutation: You may rarely emit foul miasma when
                  | damaged in melee. [demonic ancestry]
 22390 | Orc:2    | Reached XP level 14. HP: 108/122 MP: 14/14
 22453 | Orc:2    | Found Gaumered's Antique Armour Shoppe.
 22453 | Orc:2    | Found Jeimutz's Antique Weapon Emporium.
 22562 | Orc:2    | XOM: noise
 23102 | Orc:2    | XOM: give mutation
 23102 | Orc:2    | Gained mutation: Your movements are slightly less
                  | encumbered by armour. (ER -2) [Xom's mischief]
 23159 | Orc:2    | Upgraded the game from 0.28-a0-479-g5baa6b73be to
                  | 0.28-a0-495-g9bb89235eb
 23182 | Orc:2    | Bought a potion of berserk rage for 60 gold pieces
 23182 | Orc:2    | Bought a scroll of magic mapping for 42 gold pieces
 23199 | Orc:2    | XOM: stat loss: -1 Int (15/16)
 23764 | Lair:3   | Reached skill level 16 in Long Blades
 24126 | Lair:3   | Found a staircase to the Swamp.
 24370 | Lair:3   | XOM: 8-stop teleportation journey
 24436 | Lair:3   | Reached skill level 9 in Stealth
 24715 | Lair:3   | XOM: enchant monster (good)
 24738 | Lair:3   | XOM: cast spell 'Disjunction'
 24750 | Lair:3   | XOM: silly message
 25206 | Lair:5   | XOM: scenery: summon butterflies
 25556 | Lair:5   | Identified the +0 tower shield of Uskayaw's Whim {Harm
                  | Will+++ Stlth+}
 25597 | Lair:5   | XOM: divination: magic mapping
 25746 | Lair:5   | XOM: enchant monster (bad)
 25868 | Lair:5   | XOM: divination: detect creatures
 25917 | Lair:5   | XOM: silly message
 26177 | Lair:5   | XOM: noise
 26284 | Lair:5   | XOM: god gift: Ziesofeto's Handbook of Feathers and Clay
                  | {god gift}
 26285 | Lair:5   | Got Ziesofeto's Handbook of Feathers and Clay {god gift}
 26331 | Lair:6   | Entered Level 6 of the Lair of Beasts
 26345 | Lair:6   | Reached skill level 10 in Stealth
 26508 | Lair:6   | XOM: summons friendly crimson imp
 26566 | Lair:6   | Found a viscous altar of Jiyva.
 26566 | Lair:6   | Found a staircase to the Slime Pits.
 26566 | Lair:6   | XOM: 7-stop teleportation journey
 26762 | Lair:6   | XOM: polymorph black mamba -> shapeshifter
 26933 | Lair:6   | XOM: 2-stop teleportation journey
 27031 | Lair:6   | XOM: give mutations
 27031 | Lair:6   | Gained mutation: Your muscles are very strong. (Str +4)
                  | [Xom's grace]
 27031 | Lair:6   | Gained mutation: You have very sharp fingernails. [Xom's
                  | grace]
 27031 | Lair:6   | Gained mutation: You have claws for hands. [Xom's grace]
 27145 | Lair:6   | Identified the +1 chain mail of Classification {rElec rPois
                  | rCorr Int-3} (Xom gifted it to you on level 6 of the Lair
                  | of Beasts)
 27145 | Lair:6   | XOM: god gift: +1 chain mail of Classification {rElec rPois
                  | rCorr Int-3}
 27161 | Lair:6   | Reached skill level 11 in Stealth
 27442 | Lair:6   | XOM: summons 1 hostile demon
 27453 | Lair:6   | Reached skill level 17 in Long Blades
 27454 | Lair:6   | XOM: torment (23/183 hp)
 27456 | Lair:6   | HP: 15/183 [death yak (8)]
 27787 | Lair:6   | Reached XP level 15. HP: 114/128 MP: 15/15
 28148 | Lair:6   | XOM: confuse monster(s)
 28343 | Lair:6   | XOM: enchant monster (bad)
 28608 | Lair:6   | XOM: summons friendly iron imp
 28687 | Lair:6   | XOM: divination: magic mapping
 28889 | Lair:6   | XOM is BORED!
 28896 | Lair:6   | Fell from the grace of Xom
 28896 | Lair:6   | Became a worshipper of Jiyva Jouresk the Shapeless
 29744 | Orc:2    | Reached * piety under Jiyva
 29759 | Orc:2    | Reached ** piety under Jiyva
 29779 | Orc:2    | Reached *** piety under Jiyva
 29787 | Orc:2    | Reached **** piety under Jiyva
 29787 | Orc:2    | Gained mutation: You expend magic power (3 MP) to
                  | strengthen your wands. [Jiyva's grace]
 29793 | Orc:2    | Gained mutation: You are covered in fur. (AC +1) [Jiyva's
                  | grace]
 29793 | Orc:2    | Reached ***** piety under Jiyva
 29924 | D:9      | Lost mutation: You are dopey. (Int -2) [Jiyva's grace]
 29983 | D:11     | Reached skill level 1 in Dodging
 30215 | D:11     | Reached skill level 2 in Dodging
 30638 | D:11     | XOM: give mutation
 30638 | D:11     | Lost mutation: You expend magic power (3 MP) to strengthen
                  | your wands. [Xom's mischief]
 30958 | D:12     | Reached skill level 10 in Evocations
 31000 | D:12     | XOM: noise
 31133 | D:12     | Gained mutation: You have a pair of large horns on your
                  | head. [Jiyva's grace]
 31309 | D:12     | XOM: summons 4 hostile demons
 31632 | D:12     | Reached skill level 3 in Dodging
 32338 | D:13     | Noticed Maurice
 32375 | D:12     | XOM: polymorph jelly -> river rat
 32633 | D:13     | Killed Maurice
 32635 | D:13     | XOM: repel stairs
 33208 | D:13     | Reached skill level 4 in Dodging
 33912 | D:14     | Found a gate to the Vaults.
 33912 | D:14     | Noticed Jorgrun
 33920 | D:14     | Killed Jorgrun
 33921 | D:14     | Reached skill level 11 in Fighting
 33926 | D:14     | Reached skill level 5 in Dodging
 34049 | D:14     | Lost mutation: Your muscles are very strong. (Str +4)
                  | [Jiyva's grace]
 34060 | D:14     | Gained mutation: You expend magic power (3 MP) to
                  | strengthen your wands. [Jiyva's grace]
 34119 | D:14     | Gained mutation: You are very robust. (+20% HP) [demonic
                  | ancestry]
 34119 | D:14     | Reached XP level 16. HP: 118/150 MP: 16/16
 34128 | D:14     | Reached skill level 18 in Long Blades
 34145 | D:14     | Reached ****** piety under Jiyva
 34397 | Slime:1  | Entered Level 1 of the Pits of Slime
 34397 | Slime:1  | Noticed an acid blob
 34401 | Slime:2  | Noticed an acid blob
 34409 | Slime:3  | Noticed an acid blob
 34410 | Slime:3  | Noticed an acid blob
 34414 | Slime:3  | Noticed an acid blob
 34416 | Slime:4  | Noticed an acid blob
 34418 | Slime:4  | Noticed an acid blob
 34425 | Slime:4  | Noticed an acid blob
 34461 | Slime:4  | Noticed an acid blob
 34475 | Slime:5  | Entered Level 5 of the Pits of Slime
 34476 | Slime:5  | XOM: give mutation
 34476 | Slime:5  | Lost mutation: Your muscles are strong. (Str +2) [Xom's
                  | mischief]
 34479 | Slime:5  | Lost mutation: You have claws for hands. [Jiyva's grace]
 34483 | Slime:5  | Gained mutation: You are covered in slimy tendrils that may
                  | disarm your opponents. [Jiyva's grace]
 34485 | Slime:5  | Gained mutation: Your mind is acute. (Int +2) [Jiyva's
                  | grace]
 34486 | Slime:5  | Gained mutation: You are agile. (Dex +2) [Jiyva's grace]
 34489 | Slime:5  | Noticed the Royal Jelly
 34490 | Slime:5  | Found a viscous altar of Jiyva.
 34490 | Slime:5  | Found the +2 robe of Vines {NoPotionHeal Regen+++}
 34493 | Slime:5  | Noticed an acid blob
 34493 | Slime:5  | Noticed an acid blob
 34500 | Slime:5  | Noticed an acid blob
 34503 | Slime:5  | Identified the +6 dagger "Iwely" {flame, rN+ Will- Int+5
                  | SInv}
 34511 | Slime:5  | Got a slimy rune of Zot
 34598 | Slime:1  | Noticed an acid blob
 34607 | Lair:6   | Lost mutation: You passively map a small area around you.
                  | [Jiyva's grace]
 35088 | D:14     | Found a runed translucent door.
 35157 | D:14     | Reached skill level 6 in Dodging
 35393 | D:14     | XOM: chaos cloud
 35510 | D:14     | XOM: scenery: summon butterflies
 35536 | D:14     | XOM: summons 11 hostile demons
 36524 | D:14     | Lost mutation: You have very sharp fingernails. [potion of
                  | mutation]
 36524 | D:14     | Lost mutation: Your mind is acute. (Int +2) [potion of
                  | mutation]
 36524 | D:14     | Lost mutation: You are agile. (Dex +2) [potion of mutation]
 36524 | D:14     | Lost mutation: You have sharp fingernails. [potion of
                  | mutation]
 36562 | D:15     | Entered Level 15 of the Dungeon
 36595 | D:15     | Reached skill level 12 in Fighting
 36601 | D:15     | Reached skill level 1 in Shields
 36765 | D:14     | XOM: give mutations
 36765 | D:14     | Gained mutation: Your spells are a little harder to cast,
                  | but a little more powerful. [Xom's grace]
 36765 | D:14     | Gained mutation: Your muscles are strong. (Str +2) [Xom's
                  | grace]
 36765 | D:14     | Gained mutation: You possess an exceptional clarity of
                  | mind. [Xom's grace]
 36816 | D:15     | Noticed Nessos
 36832 | D:15     | Found a frozen archway.
 36838 | D:15     | Killed Nessos
 36839 | D:15     | Reached skill level 2 in Shields
 36853 | D:15     | Lost mutation: Your spells are a little harder to cast, but
                  | a little more powerful. [Jiyva's grace]
 36858 | IceCv    | Entered an ice cave
 37042 | IceCv    | XOM: summons 11 hostile demons
 37082 | IceCv    | Reached skill level 3 in Shields
 37291 | D:15     | Gained mutation: You have hidden genetic potential.
                  | [Jiyva's grace]
 37446 | D:15     | XOM: summons 2 hostile shadow creatures
 37490 | D:15     | Lost mutation: You have hidden genetic potential. [Jiyva's
                  | grace]
 37725 | D:15     | Found a staircase to the Depths.
 37735 | D:15     | Reached skill level 4 in Shields
 37826 | D:15     | XOM: summons 1 hostile demon
 38185 | Spider:1 | Entered Level 1 of the Spider Nest
 38309 | Spider:1 | Noticed Louise
 38317 | Spider:1 | Killed Louise
 38457 | Spider:1 | XOM: 1-stop teleportation journey
 38467 | Spider:1 | Reached skill level 13 in Fighting
 38468 | Spider:1 | Reached skill level 5 in Shields
 38471 | Spider:1 | Lost mutation: You are covered in slimy tendrils that may
                  | disarm your opponents. [Jiyva's grace]
 38927 | Spider:1 | XOM: summons 7 hostile demons
 39322 | Spider:2 | XOM: noise
 39462 | Spider:2 | Reached skill level 6 in Shields
 39642 | Spider:2 | Gained mutation: You sometimes emit foul miasma when
                  | damaged in melee. [demonic ancestry]
 39642 | Spider:2 | Reached XP level 17. HP: 143/164 MP: 17/17
 39708 | Spider:2 | XOM: draining
 39839 | Spider:2 | XOM: destruction
 39917 | Spider:2 | Gained mutation: You have acidic saliva. [Jiyva's grace]
 39988 | Spider:3 | Reached skill level 7 in Shields
 40394 | Spider:3 | Reached skill level 14 in Fighting
 40518 | Spider:3 | XOM: scenery: summon butterflies
 40645 | Spider:3 | XOM: stat loss: -3 Int (6/9)
 40711 | Spider:3 | Upgraded the game from 0.28-a0-495-g9bb89235eb to
                  | 0.28-a0-500-g121bc3e445
 40725 | Spider:4 | Entered Level 4 of the Spider Nest
 41042 | Spider:4 | Lost mutation: Your muscles are strong. (Str +2) [Jiyva's
                  | grace]
 41043 | Spider:4 | Lost mutation: Your flesh is cold resistant. (rC+) [potion
                  | of mutation]
 41043 | Spider:4 | Lost mutation: You are covered in fur. (AC +1) [potion of
                  | mutation]
 41077 | Spider:4 | Reached skill level 8 in Shields
 41226 | Spider:3 | XOM: summons 1 hostile demon
 41306 | Spider:3 | XOM: polymorph jelly -> rime drake
 41957 | Spider:3 | Reached skill level 9 in Shields
 42340 | Spider:4 | Reached skill level 15 in Fighting
 42401 | Spider:4 | XOM: noise
 42915 | Spider:4 | Got a gossamer rune of Zot
 42965 | Lair:2   | Gained mutation: Your rubbery body absorbs attacks. (AC +1,
                  | EV +1) [Jiyva's grace]
 42985 | Lair:1   | XOM: torment (70/170 hp)
 42985 | Lair:1   | Was forgiven by Xom
 43400 | Vaults:1 | Entered Level 1 of the Vaults
 43677 | Vaults:1 | Lost mutation: You expend magic power (3 MP) to strengthen
                  | your wands. [Jiyva's grace]
 43934 | Vaults:1 | Found Sydaocla's General Store.
 43944 | Vaults:1 | Reached skill level 10 in Shields
 44089 | Vaults:1 | Gained mutation: You have sharp fingernails. [Jiyva's
                  | grace]
 44090 | Vaults:1 | Bought a potion of mutation for 120 gold pieces
 44090 | Vaults:1 | Lost mutation: Your rubbery body absorbs attacks. (AC +1,
                  | EV +1) [potion of mutation]
 44090 | Vaults:1 | Lost mutation: You have acidic saliva. [potion of mutation]
 44090 | Vaults:1 | Lost mutation: Your movements are slightly less encumbered
                  | by armour. (ER -2) [potion of mutation]
 44090 | Vaults:1 | Gained mutation: You expend magic power (3 MP) to
                  | strengthen your wands. [potion of mutation]
 44090 | Vaults:1 | Gained mutation: Your body sometimes deteriorates upon
                  | taking damage. [potion of mutation]
 44090 | Vaults:1 | Gained mutation: Your muscles are strong. (Str +2) [potion
                  | of mutation]
 44091 | Vaults:1 | Lost mutation: Your body sometimes deteriorates upon taking
                  | damage. [Jiyva's power]
 44102 | Vaults:1 | Gained mutation: You frequently emit foul miasma when
                  | damaged in melee. [demonic ancestry]
 44102 | Vaults:1 | Reached XP level 18. HP: 170/178 MP: 18/18
 44972 | Vaults:2 | Reached skill level 16 in Fighting
 45046 | Vaults:2 | Reached skill level 11 in Shields
 45118 | Vaults:2 | Lost mutation: You have a pair of large horns on your head.
                  | [Jiyva's grace]
 45612 | Vaults:2 | Gained mutation: You are covered in slimy tendrils that may
                  | disarm your opponents. [Jiyva's grace]
 45706 | Vaults:2 | HP: 18/182 [crystal guardian/crystal bolt[a peacekeeper]
                  | (39)]
 46289 | Vaults:2 | Lost mutation: You are covered in slimy tendrils that may
                  | disarm your opponents. [Jiyva's grace]
 46721 | Vaults:2 | Found a staircase to the Crypt.
 46869 | D:14     | Gained mutation: You are covered in slimy tendrils that may
                  | disarm your opponents. [Jiyva's grace]
 47077 | D:7      | Killed Maruxus's ghost
 47097 | D:7      | Identified the +0 pair of gloves of Valiance {Str+4}
 47473 | Vaults:3 | Reached skill level 12 in Shields
 47473 | Vaults:3 | Noticed an ancient lich
 47536 | Vaults:3 | HP: 14/183 [yaktaur/bolt[a vault warden] (12)]
 47931 | Vaults:3 | Found a flickering gateway to a bazaar.
 47937 | Bazaar   | Entered a bazaar
 47999 | Bazaar   | Found Hiolyiho's General Store.
 48012 | Bazaar   | Found Tannarph's Armour Shop.
 48044 | Bazaar   | Found Vanu's Antique Armour Shop.
 48044 | Bazaar   | Found Lorph's Distillery.
 48050 | Bazaar   | Bought a pair of glowing boots for 255 gold pieces
 48061 | Bazaar   | Bought a potion of invisibility for 96 gold pieces
 48061 | Bazaar   | Bought a potion of curing for 36 gold pieces
 48061 | Bazaar   | Bought a potion of heal wounds for 60 gold pieces
 48061 | Bazaar   | Bought a potion of heal wounds for 60 gold pieces
 48067 | Bazaar   | Bought a pair of glowing gloves for 255 gold pieces
 48080 | Bazaar   | Bought a wand of mindburst (10) for 252 gold pieces
 48163 | Vaults:3 | Lost mutation: You have a pair of horns on your head.
                  | [Jiyva's grace]
 48209 | Vaults:3 | Reached skill level 17 in Fighting
 48257 | Vaults:3 | Gained mutation: You are strong-willed. (Will+) [Jiyva's
                  | grace]
 48405 | Vaults:3 | Lost mutation: You are strong-willed. (Will+) [Jiyva's
                  | grace]
 48529 | Vaults:3 | Noticed Asterion
 48549 | Vaults:3 | Killed Asterion
 48623 | Vaults:2 | Reached XP level 19. HP: 132/193 MP: 19/19
 48835 | Vaults:3 | Lost mutation: You possess an exceptional clarity of mind.
                  | [Jiyva's grace]
 49494 | Vaults:4 | Gained mutation: Your spells are a little harder to cast,
                  | but a little more powerful. [Jiyva's grace]
 49523 | Vaults:4 | Reached skill level 7 in Dodging
 49699 | Vaults:4 | Gained mutation: You are extremely robust. (+30% HP)
                  | [Jiyva's grace]
 49701 | Vaults:4 | Reached skill level 13 in Shields
 49787 | Vaults:4 | Lost mutation: Your muscles are strong. (Str +2) [Jiyva's
                  | grace]
 50039 | Vaults:4 | Reached skill level 8 in Dodging
 50061 | Vaults:4 | Gained mutation: Your mind is acute. (Int +2) [Jiyva's
                  | grace]
 51391 | Swamp:1  | Entered Level 1 of the Swamp
 51444 | Lair:3   | Lost mutation: Your spells are a little harder to cast, but
                  | a little more powerful. [Jiyva's grace]
 51462 | Lair:3   | Reached skill level 18 in Fighting
 51962 | Swamp:2  | Noticed Aizul
 51966 | Swamp:2  | Noticed Donald
 51975 | Swamp:2  | Killed Aizul
 51987 | Swamp:1  | Killed Donald
 52048 | Swamp:1  | Lost mutation: You are extremely robust. (+30% HP) [Jiyva's
                  | grace]
 52677 | Swamp:2  | Reached skill level 14 in Shields
 52739 | Swamp:2  | Got Jasidoyl's Catalogue of the Lethal Entourage
 52996 | Swamp:3  | Found a transporter.
 53000 | Swamp:3  | Found a transporter.
 53012 | Swamp:3  | Found a bloodstained altar of Trog.
 53012 | Swamp:3  | Noticed MrDNA's ghost (adept OgHu)
 53127 | Swamp:3  | Gained mutation: You are resistant to electric shocks.
                  | (rElec) [Jiyva's grace]
 53591 | Swamp:4  | Entered Level 4 of the Swamp
 54066 | Swamp:4  | Gained mutation: You have hooves in place of feet. [demonic
                  | ancestry]
 54066 | Swamp:4  | Reached XP level 20. HP: 200/206 MP: 20/20
 54104 | Swamp:4  | Got the Volume of Doomed Transmigration
 54144 | Swamp:4  | Gained mutation: You tend to lose your temper in combat.
                  | [Jiyva's grace]
 54146 | Swamp:4  | Lost mutation: You tend to lose your temper in combat.
                  | [Jiyva's power]
 54892 | Swamp:4  | Reached skill level 19 in Fighting
 55365 | Swamp:4  | Found a basalt altar of Yredelemnul.
 55423 | Swamp:4  | Reached skill level 15 in Shields
 55433 | Swamp:4  | Found a blossoming altar of Fedhas.
 55878 | Swamp:4  | Got a decaying rune of Zot
 56189 | Depths:1 | Entered Level 1 of the Depths
 56259 | Depths:1 | Gained mutation: Your melee attacks may engulf your foes in
                  | ooze. [Jiyva's grace]
 56299 | Depths:1 | >>death maybe
 57018 | Depths:1 | Lost mutation: Your mind is acute. (Int +2) [Jiyva's grace]
 57325 | Orc:2    | Bought a ring of protection from cold for 375 gold pieces
 57540 | D:15     | Lost mutation: You are covered in slimy tendrils that may
                  | disarm your opponents. [Jiyva's grace]
 57641 | Depths:1 | Found a hazy altar of Hepliaklqana.
 57946 | Depths:1 | Lost mutation: Your melee attacks may engulf your foes in
                  | ooze. [Jiyva's grace]
 57955 | Depths:1 | Reached skill level 6 in Armour
 57958 | Depths:1 | Found a gateway to Hell.
 58170 | Depths:1 | Found a one-way gate leading to the halls of Pandemonium.
 58465 | Depths:2 | Reached skill level 16 in Shields
 58481 | Depths:2 | Gained mutation: Your melee attacks may engulf your foes in
                  | ooze. [Jiyva's grace]
 58573 | Depths:2 | Reached skill level 7 in Armour
 58661 | Depths:2 | Gained mutation: Your spells are a little harder to cast,
                  | but a little more powerful. [Jiyva's grace]
 58728 | Depths:2 | Reached XP level 21. HP: 190/214 MP: 21/21
 58785 | Depths:2 | Found Utillu's Book Boutique.
 58786 | Depths:2 | Found Ykhaedduint's Jewellery Emporium.
 58786 | Depths:2 | Found Qipreug's Jewellery Emporium.
 58792 | Depths:2 | Bought the ring of Vyamugon {rPois rC+ Will++} for 593 gold
                  | pieces
 59213 | Depths:2 | Gained mutation: Armour fits poorly on your strangely
                  | shaped body. [Jiyva's grace]
 59473 | Depths:2 | Reached skill level 8 in Armour
 59703 | Depths:2 | Noticed a caustic shrike
 59717 | Depths:2 | Killed a caustic shrike
 59720 | Depths:2 | Noticed a golden dragon
 59724 | Depths:2 | Slimified a golden dragon
 59724 | Depths:2 | a golden dragon changed into an acid blob
 59725 | Depths:2 | Lost mutation: Armour fits poorly on your strangely shaped
                  | body. [Jiyva's grace]
 59997 | Depths:2 | Reached skill level 9 in Armour
 60526 | Depths:2 | Identified the amulet "Zaegh" {RegenMP rN+}
 60559 | Depths:2 | Identified the +8 dire flail of Gloom {vorpal, rC- rCorr
                  | Str+4}
 60574 | Depths:2 | Reached skill level 17 in Shields
 60671 | Depths:2 | Identified the +2 ring mail "Tilun" {+Blink rPois rF-
                  | Str+5}
 60690 | Depths:2 | Lost mutation: Your spells are a little harder to cast, but
                  | a little more powerful. [Jiyva's grace]
 61077 | Swamp:3  | Killed MrDNA's ghost
 61083 | Swamp:3  | Identified the +4 shortbow of Honour {vorpal, Int+4}
 61084 | Swamp:3  | Identified the +2 pair of gloves "Sioniuzo" {rC+ Str+4
                  | Int+6}
 61340 | Lair:1   | Killed dolemite99's ghost
 61343 | Lair:1   | Killed RandomusNamus's ghost
 61348 | Lair:1   | Identified the ring "Ockiang" {rC+ Will- Int+4 Slay+3}
 61626 | Vaults:5 | Entered Level 5 of the Vaults
 61627 | Vaults:5 | Noticed a golden dragon
 61954 | Depths:3 | Reached skill level 10 in Armour
 62158 | Depths:3 | Noticed a juggernaut
 62311 | Depths:4 | Gained mutation: You are covered in fur. (AC +1) [Jiyva's
                  | grace]
 62637 | Depths:4 | Lost mutation: You expend magic power (3 MP) to strengthen
                  | your wands. [Jiyva's grace]
 62680 | Depths:4 | Noticed a golden dragon
 62693 | Depths:4 | Killed a golden dragon
 62702 | Depths:4 | Gained mutation: You are completely covered in icy blue
                  | scales. (AC +4, rC+) [demonic ancestry]
 62702 | Depths:4 | Reached XP level 22. HP: 163/228 MP: 22/22
 62710 | Depths:4 | Noticed a golden dragon
 62728 | Depths:4 | Killed a golden dragon
 62980 | Depths:4 | Lost mutation: You have a pair of small horns on your head.
                  | [Jiyva's grace]
 63008 | Depths:3 | Reached skill level 20 in Fighting
 63019 | Depths:3 | Reached skill level 18 in Shields
 63259 | Depths:2 | Upgraded the game from 0.28-a0-500-g121bc3e445 to
                  | 0.28-a0-503-g83f2989fac
 63379 | Depths:3 | Gained mutation: You are extremely robust. (+30% HP)
                  | [Jiyva's grace]
 63637 | Depths:3 | Gained mutation: You are clumsy. (Dex -2) [Jiyva's grace]
 63659 | Depths:3 | Killed a juggernaut
 63916 | Depths:3 | Found a one-way gate to the infinite horrors of the Abyss.
 64291 | Depths:4 | Noticed a juggernaut
 64313 | Depths:4 | Killed a juggernaut
 64324 | Depths:4 | Gained mutation: Your rubbery body absorbs attacks. (AC +1,
                  | EV +1) [Jiyva's grace]
 64676 | Depths:4 | Found an opulent altar of Gozag.
 65122 | Depths:5 | Entered Level 5 of the Depths
 65251 | Depths:5 | Found a gateway to a ziggurat.
 65709 | Depths:5 | Lost mutation: You are clumsy. (Dex -2) [Jiyva's grace]
 65730 | Depths:5 | Reached skill level 21 in Fighting
 65730 | Depths:5 | Reached skill level 19 in Shields
 65935 | Depths:5 | Noticed Frederick
 65940 | Depths:5 | Slimified Frederick
 65940 | Depths:5 | Noticed Frederick
 65940 | Depths:5 | Frederick changed into Frederick the acid blob
 65945 | Depths:5 | Gained mutation: You expend magic power (3 MP) to
                  | strengthen your wands. [Jiyva's grace]
 65986 | Depths:5 | Killed Frederick the acid blob
 66231 | Depths:5 | Found a gate to the Realm of Zot.
 66561 | Depths:5 | Reached XP level 23. HP: 260/260 MP: 23/23
 67344 | Elf:1    | Entered Level 1 of the Elven Halls
 67396 | Elf:1    | Gained mutation: Your spells are a little harder to cast,
                  | but a little more powerful. [Jiyva's grace]
 67684 | Elf:1    | Gained mutation: You have a somewhat thin skeletal
                  | structure. (Dex +2, Stealth+) [Jiyva's grace]
 67804 | Elf:1    | Found Ymmaz's Assorted Antiques.
 67813 | Elf:1    | Bought a potion of curing for 87 gold pieces
 67813 | Elf:1    | Bought a wand of flame (22) for 29 gold pieces
 68068 | Elf:1    | Lost mutation: You expend magic power (3 MP) to strengthen
                  | your wands. [potion of mutation]
 68068 | Elf:1    | Lost mutation: Your melee attacks may engulf your foes in
                  | ooze. [potion of mutation]
 68068 | Elf:1    | Gained mutation: You are weak. (Str -2) [potion of
                  | mutation]
 68068 | Elf:1    | Lost mutation: You are weak. (Str -2) [potion of mutation]
 68118 | Elf:1    | Lost mutation: Your rubbery body absorbs attacks. (AC +1,
                  | EV +1) [Jiyva's grace]
 68133 | Elf:1    | Lost mutation: Your spells are a little harder to cast, but
                  | a little more powerful. [Jiyva's grace]
 68178 | Elf:2    | Found a runed translucent gate.
 68178 | Elf:2    | Found a runed translucent gate.
 68179 | Elf:2    | Found a runed translucent gate.
 68657 | Elf:2    | Lost mutation: You have sharp fingernails. [Jiyva's grace]
 68692 | Elf:2    | Gained mutation: Your melee attacks may engulf your foes in
                  | ooze. [Jiyva's grace]
 68816 | Elf:2    | Lost mutation: You are resistant to electric shocks.
                  | (rElec) [Jiyva's grace]
 68922 | Elf:2    | Gained mutation: Armour fits poorly on your strangely
                  | shaped body. [Jiyva's grace]
 68923 | Elf:2    | Lost mutation: Armour fits poorly on your strangely shaped
                  | body. [Jiyva's power]
 69071 | Elf:2    | Lost mutation: Your melee attacks may engulf your foes in
                  | ooze. [Jiyva's grace]
 69430 | Elf:3    | Entered Level 3 of the Elven Halls
 69615 | Elf:3    | Reached skill level 22 in Fighting
 69623 | Elf:3    | Reached skill level 20 in Shields
 69672 | Elf:3    | Gained mutation: Your mind is acute. (Int +2) [Jiyva's
                  | grace]
 69988 | Elf:3    | Lost mutation: You are covered in fur. (AC +1) [Jiyva's
                  | grace]
 70390 | Elf:3    | Gained mutation: Your body sometimes deteriorates upon
                  | taking damage. [Jiyva's grace]
 70633 | Elf:3    | Identified the +5 morningstar "Orb Guardian's Regret"
                  | {freeze, *Corrode rN+ Dex+2}
 70638 | Elf:3    | Gained mutation: You are agile. (Dex +2) [Jiyva's grace]
 70653 | Elf:3    | Identified the amulet of Ickiott {Harm Regen+ Int+5 Stlth-}
 70686 | Elf:3    | Lost mutation: You are agile. (Dex +2) [Jiyva's grace]
 70782 | Elf:3    | Identified the +1 scale mail of Saehos {rElec rF- rN+}
 70785 | Elf:3    | Identified the amulet "Dokyz" {Acrobat Dex-4 SInv Stlth+}
 70799 | Elf:3    | Got the Reference Book on Air and Translocation
 70894 | Elf:3    | Got the Almanac of the Aerial Blaze
 71021 | Elf:3    | Reached skill level 23 in Fighting
 71021 | Elf:3    | Reached skill level 19 in Long Blades
 71021 | Elf:3    | Reached skill level 11 in Armour
 71021 | Elf:3    | Reached skill level 12 in Stealth
 71021 | Elf:3    | Reached skill level 21 in Shields
 71021 | Elf:3    | Upgraded the game from 0.28-a0-503-g83f2989fac to
                  | 0.28-a0-511-gcc94558de3
 71021 | Elf:3    | >>im screwed lol
 71390 | Vaults:4 | Reached skill level 24 in Fighting
 71456 | Vaults:5 | Gained mutation: Your body has grown golden eyes which may
                  | confuse attackers. (Acc +3) [Jiyva's grace]
 71474 | Vaults:5 | HP: 15/249 [tengu reaver/bolt of negative energy (37)]
 71477 | Vaults:5 | Reached XP level 24. HP: 20/260 MP: 23/23
 71477 | Vaults:5 | HP: 2/253 [tengu reaver/bolt of negative energy (18)]
 71479 | Vaults:5 | Killed from afar by a blizzard demon

Vanquished Creatures
  2 juggernauts
  A caustic shrike (Depths:2)
  2 golden dragons (Depths:4)
  Jorgrun (D:14)
  2 hellephants (Depths:4)
  A tentacled monstrosity (Depths:2)
  Rupert (Orc:2)
  3 liches
  A quicksilver dragon (Depths:2)
  A deep elf blademaster (Elf:3)
  The ghost of MrDNA the Warrior, an adept OgHu of Okawaru (Swamp:3)
  2 deep elf master archers (Elf:3)
  A titan (Depths:2)
  Asterion (Vaults:3)
  6 thorn hunters
  6 tengu reavers
  4 sphinxes
  A walking earthen tome (Depths:4)
  Donald (Swamp:1)
  5 shadow dragons
  9 fire giants
  A storm dragon (Depths:4)
  9 frost giants
  A walking crystal tome (Depths:4)
  4 deep elf sorcerers
  3 ghost moths
  Aizul (Swamp:2)
  2 orc warlords
  A cacodemon (Depths:2)
  2 balrugs (Depths:2)
  6 vault wardens
  Louise (Spider:1)
  4 deep elf elementalists (Elf:3)
  3 emperor scorpions (Spider:4)
  A walking frostbound tome (Depths:3)
  A draconian shifter (Depths:5)
  3 iron dragons
  4 ghouls
  A spriggan defender (Swamp:3)
  12 very ugly things
  11 ironbound preservers
  3 war gargoyles
  18 stone giants
  2 black draconians (Depths:5)
  3 deep elf annihilators
  4 vampire knights
  Nessos (D:15)
  4 deep elf demonologists (Elf:3)
  A green draconian (Depths:5)
  8 spark wasps
  A purple draconian (Depths:5)
  2 yellow draconians (Depths:5)
  3 bunyips
  5 entropy weavers
  10 dire elephants
  A red draconian (Depths:5)
  Snorg (Orc:2)
  The ghost of dolemite99 the Cleaver, a journeyman MiAK of Lugonu (Lair:1)
  5 ettins
  3 deep elf death magi (Elf:3)
  A crystal guardian (Vaults:2)
  An eleionoma (Swamp:3)
  The ghost of RandomusNamus the Fighter, a journeyman DjFE of Makhleb (Lair:1)
  17 fire dragons
  An eidolon (Vaults:2)
  4 jiangshi
  4 shambling mangroves (Swamp:4)
  A deep elf high priest (Elf:3)
  10 yaktaur captains
  28 vault guards
  3 ironbound thunderhulks
  12 ice dragons
  A caustic shrike simulacrum (IceCv)
  5 boulder beetles
  6 spriggan air magi
  3 peacekeepers
  An ogre mage (D:14)
  4 catoblepae
  A death knight (D:14)
  4 rakshasas
  16 hydras
  3 ironbound frosthearts
  3 two-headed ogres
  11 centaur warriors
  29 dancing weapons
  10 death yaks (Lair:6)
  3 vampire magi
  6 alligators
  9 deep troll earth magi
  7 tengu warriors
  Urug (Lair:4)
  5 hell hogs (Depths:4)
  6 orc high priests
  9 deep troll shamans
  33 deep elf knights
  5 iron trolls
  Sonja (Orc:2)
  5 spriggan berserkers
  9 hell knights
  4 sun demons
  3 skeletal warriors (D:15)
  5 goliath frogs
  A golden dragon zombie (Depths:3)
  A sixfirhy (Depths:4)
  51 deep trolls
  3 flayed ghosts
  3 spectral hydras (Swamp:4)
  A torturous demonspawn (Depths:1)
  The ghost of Maruxus the Cutter, a novice DjFE of Okawaru (D:7)
  8 swamp dragons
  A death drake (Swamp:4)
  16 deep elf archers
  7 bog bodies
  3 necromancers
  6 spriggan druids
  11 lindwurms
  A shadow demon (Depths:1)
  9 wizards
  An iron dragon zombie (Depths:3)
  7 ironbound convokers
  7 harpies
  10 orc knights
  20 deep elf zephyrmancers
  2 phantasmal warriors (Depths:5)
  15 orb spiders
  A frost giant zombie (Depths:3)
  3 will-o-the-wisps
  23 deep elf pyromancers
  5 orc sorcerers
  3 oklob plants (Swamp:4)
  42 ugly things
  35 wolf spiders
  6 manticores
  9 vault sentinels
  14 elephants
  4 cyclopes
  Maurice (D:13)
  2 rust devils (Depths:1)
  5 moths of wrath
  A black mamba (Lair:3)
  3 torpor snails
  2 gargoyles (D:11)
  An orange demon (Depths:2)
  11 cane toads
  25 yaktaurs
  2 unseen horrors
  8 rime drakes
  Maggie (D:7)
  An entropy weaver simulacrum (D:15)
  11 demonic crawlers
  A kobold demonologist (D:13)
  A golden dragon simulacrum (IceCv)
  5 komodo dragons
  A tengu conjurer (D:14)
  An efreet (D:15)
  7 meliai
  3 freezing wraiths
  2 polar bears
  3 anaconda simulacra
  A death drake zombie (Swamp:4)
  3 hellwings
  7 trolls
  2 queen bees (shapeshifter)
  3 queen bees
  9 tyrant leeches
  A hydra zombie (Swamp:4)
  29 hornets
  33 jumping spiders
  A shadow dragon simulacrum (Depths:3)
  2 death drake skeletons (Swamp:4)
  22 blink frogs
  2 dream sheep (Lair:6)
  3 hydra skeletons (Swamp:4)
  15 spriggans
  2 air elementals (Elf:1)
  5 water elementals
  4 wraiths
  2 flying skulls (Vaults:2)
  A shadow (D:11)
  65 redbacks
  23 tarantellas
  6 wyverns
  2 spriggan simulacra (D:15)
  3 centaur simulacra
  A fire elemental (Elf:1)
  A human (shapeshifter) (Elf:1)
  82 yaks
  8 basilisks
  A neqoxec (Depths:2)
  2 minotaur simulacra (D:15)
  7 vampire mosquitoes
  A chaos spawn (Depths:1)
  5 wargs
  2 harpy simulacra (IceCv)
  A human zombie (Depths:3)
  11 swamp worms
  15 water moccasins
  4 hydra simulacra
  3 swamp drakes (Swamp:4)
  3 alligator simulacra
  2 ice beasts
  36 orc warriors
  2 swamp dragon zombies (Swamp:4)
  3 black bears
  A necrophage (D:4)
  6 ogres
  28 wolves
  A boggart (D:14)
  An ettin simulacrum (IceCv)
  3 swamp dragon skeletons (Swamp:4)
  5 centaurs
  A kobold brigand (D:8)
  5 earth elementals
  13 bullfrogs
  A scorpion (D:5)
  A water moccasin zombie (D:6)
  A deep troll simulacrum (D:15)
  3 lindwurm simulacra (IceCv)
  2 water moccasin skeletons (D:7)
  5 wights (D:9)
  47 killer bees
  2 howler monkeys (D:8)
  3 electric eels
  2 vampire bats (D:4)
  A bullfrog zombie (D:4)
  2 centaur zombies
  20 orc priests
  2 hounds (D:5)
  2 bullfrog skeletons
  A centaur skeleton (D:5)
  3 iguanas
  8 jellies
  23 orc wizards
  A polar bear simulacrum (D:15)
  A yak simulacrum (D:15)
  13 hell rats
  2 wolf simulacra (D:15)
  A hound skeleton (D:4)
  3 adders
  2 white imps
  3 worms
  2 dart slugs
  91 orcs
  3 bat skeletons (D:4)
  4 bat zombies (D:4)
  8 endoplasms
  5 giant cockroaches
  9 hobgoblins
  3 jackals (D:1)
  2 quokkas
  3 ball pythons
  3 bats
  2 frilled lizards
  9 goblins
  8 kobolds
  5 rats
  3 river rat simulacra (D:15)
  2 briar patches (Swamp:4)
1735 creatures vanquished.

Vanquished Creatures (collateral kills)
  A deep elf blademaster (Elf:3)
  A vault warden (Vaults:3)
  2 orc warlords
  An ironbound preserver (Vaults:3)
  A very ugly thing (Depths:5)
  A bunyip (Swamp:4)
  A stone giant (Vaults:5)
  A yaktaur captain (Vaults:2)
  A spriggan air mage (Depths:2)
  3 hydras
  An alligator (Lair:3)
  A dancing weapon (Elf:2)
  2 two-headed ogres (D:9)
  A death yak (Lair:6)
  A vault guard (Vaults:5)
  An orc high priest (Orc:2)
  A spriggan druid (Lair:3)
  2 deep trolls
  A spectral hydra (Swamp:4)
  A deep elf pyromancer (D:14)
  An orb spider (shapeshifter) (Lair:6)
  An orc sorcerer (Orc:1)
  An orb spider (Spider:2)
  An elephant (Lair:6)
  A rime drake (Lair:6)
  A jumping spider (Spider:4)
  A meliai (Lair:3)
  2 hornets
  2 blink frogs (Lair:6)
  3 yaks
  6 redbacks
  A basilisk (Lair:3)
  A steam dragon (D:9)
  A swamp worm (Lair:3)
  A water moccasin (Lair:6)
  5 orc warriors
  2 killer bees (D:9)
  2 orc priests (Orc:1)
  An orc wizard (Orc:1)
  An orc (Orc:1)
60 creatures vanquished.

Vanquished Creatures (others)
  4 acid blobs
  A sphinx (Vaults:4)
  A draconian scorcher (Depths:5)
  An ironbound preserver (Vaults:3)
  A quicksilver ooze (shapeshifter) (Depths:4)
  3 azure jellies (Vaults:5)
  2 glowing orange brains
  2 deep elf annihilators
  A ghost moth (shapeshifter) (Vaults:5)
  6 great orbs of eyes
  A fire dragon (shapeshifter) (Depths:3)
  A deep elf high priest (Elf:3)
  4 yaktaur captains
  An entropy weaver (shapeshifter) (Vaults:5)
  An ironbound frostheart (Vaults:1)
  2 centaur warriors
  An ettin (Vaults:5)
  2 vault guards
  A hell hog (Depths:4)
  A sea snake (shapeshifter) (Depths:2)
  3 deep trolls
  A shadow wraith (Vaults:5)
  A glowing orange brain (shapeshifter) (Depths:2)
  3 ironbound convokers
  A wizard (Vaults:3)
  A deep elf archer (Elf:2)
  5 deep elf pyromancers
  A necromancer (D:15)
  A wolf spider (Spider:4)
  A deep elf zephyrmancer (Elf:2)
  An orb spider (Spider:2)
  A faun (shapeshifter) (Depths:2)
  An elephant (shapeshifter) (Depths:2)
  A black mamba (shapeshifter) (Elf:2)
  A vault sentinel (Vaults:3)
  12 yaktaurs
  20 slime creatures
  A tengu conjurer (D:15)
  A bloated husk (Swamp:4)
  2 hornets (Swamp:4)
  2 tarantellas (Spider:1)
  2 spriggans (Depths:1)
  A spriggan (shapeshifter) (Vaults:5)
  3 yaks (Lair:1)
  A basilisk (Lair:3)
  A water elemental (Elf:1)
  2 floating eyes (shapeshifter)
  A swamp drake (Swamp:4)
  An orc warrior (D:15)
  5 boggarts
  A killer bee (Lair:3)
  359 jellies
  2 wolf simulacra (D:15)
  3 orcs
  A jackal (shapeshifter) (Depths:2)
  2 river rat simulacra (D:15)
  13 briar patches (Swamp:4)
  10 foxfires (Swamp:3)
  40 fungi
  132 plants
  6 withered plants
684 creatures vanquished.

Grand Total: 2479 creatures vanquished

Table legend: (Time is in decaauts)
 A = Elapsed time spent in this place.
 B = Non-inter-level travel time spent in this place.
 C = Inter-level travel time spent in this place.
 D = Time resting spent in this place.
 E = Time spent auto-exploring this place.
 F = Levels seen in this place.
 G = Mean time per level.
                   A        B        C        D        E       F      G
               +--------+--------+--------+--------+--------+-----+--------+
         Total |  70687 |  62693 |   7994 |  18055 |  30569 |  51 | 1386.0 |
       Dungeon |  21910 |  18237 |   3673 |   4302 |  10993 |  15 | 1460.7 |
          Lair |  12141 |  10677 |   1464 |   2420 |   6229 |   6 | 2023.5 |
         Swamp |   4767 |   4476 |    291 |   1932 |   1346 |   4 | 1191.8 |
   Spider Nest |   4640 |   4476 |    164 |   1618 |   1733 |   4 | 1160.0 |
    Slime Pits |    203 |    128 |     75 |      0 |      0 |   5 |   40.6 |
  Orcish Mines |   6486 |   5924 |    562 |   3060 |   1697 |   2 | 3243.0 |
   Elven Halls |   3682 |   3542 |    140 |    491 |   1718 |   3 | 1227.3 |
        Vaults |   7526 |   6576 |    950 |   1998 |   3166 |   5 | 1505.2 |
        Depths |   8762 |   8090 |    672 |   1908 |   3568 |   5 | 1752.4 |
        Bazaar |    155 |    155 |      0 |      0 |    116 |   1 |  155.0 |
      Ice Cave |    412 |    412 |      0 |    323 |      0 |   1 |  412.0 |
               +--------+--------+--------+--------+--------+-----+--------+

Top non-repeatable levels by time:
   Orc:2: 4580 daAuts
     D:9: 3174 daAuts
  Lair:6: 2764 daAuts
  Lair:1: 2667 daAuts
Vaults:2: 2390 daAuts
  Lair:3: 2332 daAuts
    D:12: 2148 daAuts
Vaults:1: 2106 daAuts
   Orc:1: 1905 daAuts
Depths:1: 1863 daAuts
     D:8: 1842 daAuts
    D:14: 1837 daAuts
Depths:2: 1809 daAuts
Depths:4: 1790 daAuts
 Swamp:3: 1757 daAuts

Table legend:
 A = Non-vault XP
 B = Vault XP
 C = Vault XP percentage of total XP
 D = Non-vault monster count
 E = Vault monster count
 F = Vault count percentage of total count
                 A         B        C        D         E       F
            +---------+---------+-------+---------+---------+-------
      Total |  545467 |  442251 |  44.8 |    1136 |     670 |  37.1
            +---------+---------+-------+---------+---------+-------
        D:1 |      38 |       0 |   0.0 |      23 |       0 |   0.0
        D:2 |      40 |       0 |   0.0 |      15 |       0 |   0.0
        D:3 |      18 |       0 |   0.0 |       8 |       0 |   0.0
        D:4 |     296 |     123 |  29.4 |      16 |       9 |  36.0
        D:5 |     456 |       0 |   0.0 |      12 |       0 |   0.0
        D:6 |     361 |       0 |   0.0 |       4 |       0 |   0.0
        D:7 |    1593 |    1445 |  47.6 |      18 |      10 |  35.7
        D:8 |     579 |     458 |  44.2 |       7 |      25 |  78.1
        D:9 |    5144 |    1838 |  26.3 |      41 |       3 |   6.8
       D:10 |    2155 |     590 |  21.5 |      16 |       2 |  11.1
       D:11 |    5793 |    4490 |  43.7 |      20 |       6 |  23.1
       D:12 |    3676 |       0 |   0.0 |       8 |       0 |   0.0
       D:13 |    9975 |    3890 |  28.1 |      19 |       8 |  29.6
       D:14 |    6339 |   24446 |  79.4 |      14 |      28 |  66.7
       D:15 |   11310 |    6159 |  35.3 |      22 |      19 |  46.3
     Lair:1 |    6145 |    1969 |  24.3 |      31 |       2 |   6.1
     Lair:2 |    5166 |     595 |  10.3 |      16 |       1 |   5.9
     Lair:3 |    5783 |    9757 |  62.8 |      20 |      55 |  73.3
     Lair:4 |    8282 |     843 |   9.2 |      38 |       1 |   2.6
     Lair:5 |    4993 |       0 |   0.0 |      22 |       0 |   0.0
     Lair:6 |   23826 |   10390 |  30.4 |      70 |      21 |  23.1
    Swamp:1 |   10549 |    1918 |  15.4 |      22 |       1 |   4.3
    Swamp:2 |   10485 |    1735 |  14.2 |      13 |       1 |   7.1
    Swamp:3 |   10734 |   10490 |  49.4 |      21 |      14 |  40.0
    Swamp:4 |   21322 |   29025 |  57.6 |      33 |      43 |  56.6
   Spider:1 |   11513 |    4075 |  26.1 |      32 |       8 |  20.0
   Spider:2 |   12482 |    3170 |  20.3 |      39 |       9 |  18.8
   Spider:3 |   12219 |       0 |   0.0 |      25 |       0 |   0.0
   Spider:4 |   14895 |   25322 |  63.0 |      52 |      54 |  50.9
      Orc:1 |    6716 |       0 |   0.0 |      44 |       0 |   0.0
      Orc:2 |    4143 |   17044 |  80.4 |      34 |      72 |  67.9
      Elf:1 |   17162 |   10807 |  38.6 |      31 |      16 |  34.0
      Elf:2 |   12157 |   25698 |  67.9 |      18 |      32 |  64.0
      Elf:3 |   21413 |   31035 |  59.2 |      40 |      22 |  35.5
   Vaults:1 |   13949 |    9276 |  39.9 |      21 |       9 |  30.0
   Vaults:2 |   23178 |   22334 |  49.1 |      28 |      26 |  48.1
   Vaults:3 |    9269 |   22036 |  70.4 |      14 |      21 |  60.0
   Vaults:4 |   36864 |   22080 |  37.5 |      52 |      30 |  36.6
   Vaults:5 |    4296 |   15808 |  78.6 |       5 |      20 |  80.0
   Depths:1 |   42239 |    5522 |  11.6 |      49 |      10 |  16.9
   Depths:2 |   39292 |   35799 |  47.7 |      32 |      24 |  42.9
   Depths:3 |   32223 |   19379 |  37.6 |      33 |      11 |  25.0
   Depths:4 |   45334 |   38826 |  46.1 |      33 |      25 |  43.1
   Depths:5 |   31065 |   19971 |  39.1 |      25 |      16 |  39.0
      IceCv |       0 |    3908 | 100.0 |       0 |      16 | 100.0
            +---------+---------+-------+---------+---------+-------
